Map: Base du roi Sejong EC

Players

Shadowmaker

  • Race: Zerg Zerg
  • League: Gold
  • Spawn Location: 5:00

zidar - Winner!

  • Race: Zerg Zerg
  • League: Platinum
  • Spawn Location: 11:00

VOD

Have the link to the VOD?

Description

Time

  • Played on: Oct. 7, 2016, 3:01 p.m.
  • Length: 9:56
Show
View Real Time Build Order
Export as new Build Order

Shadowmaker Zerg 

Build Orders: Hatch First 

Get SALT Encoding   

  12  0:01  Drone  
  13  0:10  Drone  
  14  0:22  Extractor  
  14  0:24  Extractor, Drone  
  14  0:25  Drone  
  16  0:44  Hatchery  
  15  1:00  Spawning Pool  
  14  1:05  Extractor, Drone  
  14  1:06  Extractor  
  14  1:09  Drone  
  15  1:15  Overlord  
  16  1:35  Drone  
  16  1:38  Extractor, Drone  
  17  1:40  Drone  
  18  1:47  Queen  
  18  1:51  Overlord  
  20  1:57  Drone  
  21  2:03  Queen  
  23  2:09  Zergling x2  
  23  2:15  Drone  
  25  2:23  Drone  
  25  2:24  Drone  
  25  2:28  Drone  
  28  2:31  Drone  
  28  2:32  Overlord  
  29  2:44  Queen  
  29  2:45  Drone  
  29  2:49  Overlord  
  32  2:54  Metabolic Boost  
  32  3:08  Extractor  
  30  3:18  Drone  
  30  3:19  Drone  
  32  3:23  Roach Warren, Drone  
  32  3:24  Drone  
  32  3:25  Drone x3  
  32  3:26  Drone x2  
  38  3:28  Drone  
  40  3:41  Drone  
  40  3:46  Overlord  
  40  3:53  Drone x2  
  40  3:54  Drone  
  43  3:59  Evolution Chamber  
  43  4:00  Evolution Chamber  
  43  4:01  Drone  
  42  4:04  Drone  
  42  4:07  Drone  
  42  4:08  Drone x2  
  46  4:10  Overlord  
  46  4:14  Lair  
  46  4:22  Overlord  
  46  4:23  Drone  
  47  4:30  Extractor  
  44  4:32  Roach x3, Extractor  
  44  4:33  Roach x2  
  44  4:38  Spine Crawler  
  52  4:39  Spine Crawler  
  50  4:48  Roach  
  50  4:49  Roach  
  50  4:52  Roach  
  51  4:56  Roach  
  41  5:01  Roach  
  36  5:35  Spine Crawler  
  33  5:58  Drone  
  34  6:07  Drone  
  34  6:09  Drone  
  34  6:10  Drone  
  34  6:11  Drone x2  
  39  6:12  Drone  
  39  6:15  Roach x2  
  42  6:31  Roach x2  
  42  6:40  Drone  
  42  6:44  Drone x2  
  42  6:45  Drone  
  46  6:47  Queen  
  48  6:55  Drone  
  49  7:03  Drone  
  49  7:05  Zerg Missile Weapons Level 1  
  49  7:06  Zerg Ground Armor Level 1  
  49  7:07  Drone  
  51  7:13  Drone  
  51  7:14  Drone  
  51  7:15  Drone  
  54  7:24  Drone x2  
  54  7:25  Drone  
  57  7:31  Drone x2  
  59  7:38  Glial Reconstitution  
  59  7:40  Drone x2  
  61  7:47  Queen  
  61  7:49  Drone x2  
  61  7:50  Roach  
  67  8:04  Roach  
  67  8:05  Roach x3  
  67  8:10  Roach  
  60  8:17  Roach  
  52  8:20  Roach x2  
  52  8:26  Roach  
  52  8:28  Roach  
  50  8:36  Drone x2  
  52  8:45  Spine Crawler  
  51  8:52  Drone  
  51  8:54  Spine Crawler, Drone  
  51  8:55  Drone  
  53  8:58  Roach  
  53  9:01  Roach  
  57  9:06  Drone  
  58  9:10  Roach  
  60  9:19  Spine Crawler  
  55  9:24  Roach x2  
  55  9:25  Roach  
  55  9:30  Roach  
  55  9:36  Roach  
Show
View Real Time Build Order
Export as new Build Order

zidar Zerg - Winner!

Build Orders: Pool First 

Get SALT Encoding   

  12  0:02  Drone  
  13  0:12  Overlord  
  13  0:17  Drone  
  14  0:31  Drone x2  
  16  0:43  Spawning Pool  
  16  0:46  Drone  
  16  1:11  Hatchery  
  15  1:13  Drone  
  15  1:18  Drone  
  17  1:21  Drone  
  17  1:40  Extractor  
  17  1:43  Queen  
  17  1:44  Roach Warren  
  17  1:51  Drone x2  
  19  1:59  Drone  
  20  2:03  Drone  
  21  2:16  Extractor, Drone  
  21  2:22  Queen  
  23  2:25  Overlord  
  23  2:55  Roach  
  23  2:56  Roach x4  
  33  3:06  Roach  
  35  3:27  Overlord  
  35  3:28  Overlord x2  
  35  3:46  Roach x3  
  43  3:48  Roach  
  43  3:58  Drone x2  
  43  3:59  Drone  
  43  4:02  Drone  
  47  4:05  Drone  
  42  5:14  Roach  
  42  5:15  Roach x8  
  52  5:54  Roach x5  
  58  5:59  Drone  
  59  6:07  Lair  
  57  6:19  Spore Crawler  
  57  6:20  Spore Crawler  
  57  6:22  Spore Crawler  
  42  6:37  Roach  
  42  6:38  Roach x9  
  58  6:47  Drone x2  
  60  7:21  Overlord x3  
  60  7:22  Overlord  
  46  8:18  Roach x11  
  46  8:19  Roach x6  
  72  8:42  Roach x3  
  72  8:43  Roach x4  
  86  9:13  Hatchery  
Tags
 
Add a new tag
Caveats
  • Supply blocks, unpowered buildings, or Contaminate may cause inaccurate times.
  • Supply counts are checked every 10 seconds.